Map: Rhoskallian LE

Players

qqq

  • Race: Zerg Zerg

Massa

  • Race: Terran Terran
  • League: Platinum

flyhigh

  • Race: Zerg Zerg

payLow

  • Race: Terran Terran

VOD

Have the link to the VOD?

Description

Time

  • Played on: April 11, 2021, 3:16 p.m.
  • Length: 11:26
Show
View Real Time Build Order
Export as new Build Order

qqq Zerg 

Build Orders: Hatch First, Lurkers 

Get SALT Encoding   

  12  0:00  Drone  
  13  0:08  Drone  
  14  0:19  Overlord  
  14  0:52  Hatchery  
  14  0:55  Drone  
  14  0:56  Drone  
  15  0:57  Drone  
  16  1:11  Drone  
  17  1:22  Spawning Pool  
  17  1:24  Drone  
  17  1:27  Extractor  
  17  1:31  Drone  
  17  1:42  Overlord  
  17  1:52  Drone  
  18  2:00  Drone  
  19  2:04  Drone  
  20  2:09  Queen  
  20  2:12  Queen  
  24  2:24  Roach Warren  
  24  2:28  Drone  
  24  2:32  Drone  
  24  2:35  Drone  
  26  2:39  Drone  
  26  2:43  Drone  
  28  2:46  Drone  
  29  2:53  Drone  
  29  2:58  Lair  
  30  3:04  Drone  
  31  3:05  Extractor  
  31  3:06  Drone  
  31  3:08  Drone  
  32  3:14  Overlord  
  32  3:16  Drone  
  33  3:22  Overlord  
  33  3:24  Drone  
  34  3:27  Drone  
  34  3:28  Drone  
  34  3:32  Overlord  
  36  3:46  Roach  
  36  3:47  Roach x3  
  44  3:49  Roach  
  46  3:55  Glial Reconstitution  
  46  3:58  Roach  
  50  4:03  Roach  
  50  4:07  Drone, Roach  
  53  4:15  Roach  
  55  4:18  Roach  
  55  4:19  Overlord x2  
  55  4:23  Roach  
  59  4:26  Overlord  
  59  4:28  Drone  
  60  4:32  Extractor  
  60  4:36  Overlord  
  60  4:38  Roach  
  61  4:39  Roach  
  61  4:42  Roach  
  61  4:45  Drone  
  66  4:53  Metabolic Boost  
  66  4:55  Drone x2  
  66  4:56  Drone  
  66  4:57  Drone  
  66  4:59  Roach  
  72  5:04  Drone x2  
  74  5:08  Roach  
  74  5:12  Roach  
  74  5:13  Roach  
  80  5:17  Drone  
  80  5:18  Drone  
  81  5:36  Zergling x4  
  81  5:37  Roach  
  81  5:38  Drone  
  86  5:47  Hatchery  
  85  5:50  Zergling x8  
  89  6:01  Drone x3  
  89  6:03  Overlord x3  
  92  6:11  Evolution Chamber  
  92  6:12  Evolution Chamber  
  92  6:15  Baneling Nest  
  92  6:16  Drone x2  
  91  6:24  Zergling x4  
  91  6:25  Zergling x6  
  94  6:36  Extractor, Pneumatized Carapace  
  94  6:37  Nydus Network  
  94  6:38  Overseer  
  92  6:40  Drone  
  92  6:41  Roach x3  
  99  6:50  Hydralisk Den  
  98  7:00  Ravager x2  
  98  7:01  Ravager x2  
  102  7:02  Drone  
  102  7:03  Drone x6  
  102  7:07  Zerg Missile Weapons Level 1  
  90  7:33  Hydralisk x2, Roach x4  
  101  7:40  Drone x3  
  104  8:04  Extractor, Spine Crawler  
  102  8:06  Extractor  
  102  8:09  Queen  
  103  8:14  Lurker Den  
  103  8:18  Hydralisk x2  
  103  8:19  Drone x2, Hydralisk  
  109  8:20  Drone, Hydralisk x3  
  109  8:21  Overlord x3  
  109  8:25  Hatchery  
  116  8:29  Zerg Ground Armor Level 1  
  116  8:49  Hydralisk x2  
  116  8:50  Roach x2  
  116  8:51  Zergling x4  
  126  8:56  Hydralisk  
  126  8:57  Drone, Hydralisk  
  126  8:58  Drone x2, Zergling x2  
  134  9:11  Lurker  
  134  9:12  Lurker x2  
  134  9:16  Lurker  
  139  9:24  Drone x3, Overlord  
  139  9:25  Drone x3, Overlord  
  136  10:04  Roach x3  
  136  10:05  Zergling x10, Roach x2  
  92  10:29  Lurker x3  
  92  10:31  Roach x6  
  92  10:32  Roach x9  
  125  10:40  Infestation Pit  
  98  10:58  Roach  
  98  10:59  Roach x5  
Show
View Real Time Build Order
Export as new Build Order

Massa Terran 

Build Orders:  

Get SALT Encoding   

  12  0:00  SCV  
  13  0:12  SCV  
  14  0:20  Supply Depot  
  14  0:24  SCV  
  15  0:42  SCV  
  16  0:43  Barracks  
  16  0:50  Refinery  
  16  0:54  SCV  
  16  0:55  Refinery  
  17  1:06  SCV  
  18  1:19  Barracks  
  19  1:29  Orbital Command  
  19  1:32  Reaper  
  19  1:42  Supply Depot  
  19  1:57  SCV  
  20  2:04  Marine  
  20  2:08  Reaper  
  22  2:22  Reaper  
  23  2:28  Command Center  
  23  2:49  SCV  
  23  2:50  Barracks Tech Lab  
  24  3:01  SCV  
  23  4:02  Orbital Command  
  23  4:03  SCV  
  23  4:05  Stimpack  
  24  4:12  Barracks Reactor  
  24  4:13  Factory  
  24  4:15  SCV  
  25  4:21  Engineering Bay  
  25  4:27  SCV  
  25  4:29  SCV, Supply Depot  
  27  4:33  Supply Depot  
  27  4:34  Marauder  
  29  4:39  SCV  
  29  4:40  Barracks  
  29  4:41  SCV  
  29  4:42  Barracks  
  31  4:46  Barracks  
  31  4:51  SCV  
  32  4:53  SCV, Marine x2  
  32  4:58  Marauder  
  32  4:59  Factory Reactor  
  37  5:04  SCV  
  37  5:05  SCV  
  39  5:07  Refinery  
  39  5:11  Marine x2  
  41  5:21  Marauder  
  42  5:28  Marine x2  
  42  5:29  Barracks Reactor  
  42  5:30  Barracks Tech Lab  
  42  5:33  Barracks Reactor  
  42  5:35  SCV x2  
  46  5:41  Marine  
  47  5:44  Refinery, Command Center  
  47  5:45  Combat Shield  
  47  5:46  Marine  
  47  5:47  SCV x2  
  47  5:48  Marine x2  
  52  5:52  Widow Mine  
  54  5:59  SCV  
  54  6:00  Marauder, Concussive Shells  
  54  6:02  Widow Mine  
  59  6:04  Marine  
  59  6:06  Marine  
  61  6:12  Missile Turret  
  61  6:15  Starport  
  61  6:18  Supply Depot  
  61  6:23  Widow Mine x2  
  65  6:29  SCV x2  
  67  6:41  SCV  
  67  6:42  SCV  
  67  6:45  Widow Mine x2  
  73  7:04  Marauder  
  73  7:05  Marauder, Marine x6  
  73  7:06  Widow Mine x2  
  87  7:10  Starport Tech Lab  
  83  7:23  Marine x3  
  83  7:26  Marauder  
  84  7:37  Marauder, Marine x2  
  84  7:38  Marine  
  84  7:40  Marine  
  84  7:41  Marine x2  
  92  7:47  Supply Depot  
  92  7:52  SCV  
  93  8:09  Widow Mine x2, SCV x2, Raven  
  101  8:23  Missile Turret  
  101  8:24  Terran Infantry Armor Level 1, Missile Turret x2  
  101  8:28  Missile Turret x2  
  101  8:29  Armory, Marauder  
  101  8:33  Widow Mine, Engineering Bay  
  101  8:52  Widow Mine  
  93  9:12  Marauder, Marine x4  
  93  9:17  Marine x2  
  97  9:29  Raven, Factory  
  97  9:30  Marine x2  
  101  9:44  Planetary Fortress  
  101  9:46  Supply Depot  
  101  9:48  Supply Depot x2  
  101  9:49  Supply Depot  
  101  9:51  SCV x2  
  100  9:53  Marauder  
  92  10:01  Marine x3  
  92  10:03  SCV  
  92  10:04  SCV  
  97  10:10  Supply Depot  
  97  10:12  Raven  
  99  10:14  Marauder, Supply Depot  
  99  10:15  SCV  
  99  10:16  SCV  
  94  10:34  Marine  
  94  10:35  Marine x7  
  62  10:36  Marauder  
  62  10:39  Siege Tank  
  62  10:40  Factory Tech Lab  
  65  10:52  SCV, Marine  
  65  10:53  Marine x7  
  65  10:55  Medivac  
  76  10:57  Marauder  
  75  11:05  SCV  
  75  11:11  Command Center  
Show
View Real Time Build Order
Export as new Build Order

flyhigh Zerg 

Build Orders: Hatch First 

Get SALT Encoding   

  12  0:00  Drone  
  13  0:13  Overlord  
  13  0:17  Drone  
  14  0:32  Drone x2  
  14  0:35  Drone  
  17  0:56  Hatchery  
  16  0:59  Drone x2  
  18  1:13  Extractor  
  18  1:16  Spawning Pool  
  17  1:18  Drone  
  17  1:23  Drone  
  18  1:29  Drone  
  19  1:45  Drone  
  20  1:52  Overlord  
  20  2:04  Queen  
  22  2:08  Queen  
  22  2:13  Drone  
  22  2:14  Drone x2  
  27  2:22  Drone x2  
  29  2:25  Spine Crawler  
  28  2:30  Spine Crawler  
  28  2:33  Drone  
  28  2:34  Drone  
  29  2:41  Overlord  
  29  2:50  Extractor, Drone  
  29  2:51  Drone  
  29  2:58  Drone  
  31  3:02  Drone  
  32  3:05  Drone  
  32  3:10  Lair  
  33  3:23  Drone x3  
  36  3:28  Overlord  
  36  3:29  Overlord  
  36  3:52  Queen  
  38  4:04  Drone, Roach Warren  
  38  4:05  Drone x4  
  38  4:07  Hatchery  
  41  4:11  Drone x2  
  41  4:14  Extractor  
  42  4:19  Extractor  
  42  4:22  Spine Crawler  
  40  4:28  Queen  
  42  4:42  Drone x6  
  42  4:44  Glial Reconstitution  
  48  4:56  Overlord  
  48  4:57  Overlord x2  
  48  4:58  Roach x2  
  52  5:09  Overlord x3  
  52  5:19  Queen  
  54  5:21  Roach  
  54  5:22  Roach x2  
  54  5:27  Roach  
  54  5:28  Roach  
  64  5:36  Roach x3  
  70  5:44  Roach x3  
  76  5:51  Roach x2  
  80  6:01  Roach  
  80  6:02  Roach x3  
  88  6:06  Spine Crawler  
  87  6:16  Roach  
  87  6:17  Roach x3  
  95  6:23  Overlord  
  95  6:24  Overlord  
  95  6:26  Ravager x2  
  95  6:27  Ravager  
  98  6:35  Pneumatized Carapace  
  98  6:41  Drone x3  
  98  6:43  Drone x3  
  104  6:47  Overseer  
  104  6:57  Ravager  
  104  7:00  Ravager x7  
  104  7:01  Ravager  
  113  7:08  Drone  
  114  7:31  Overlord x4  
  114  7:32  Overlord  
  114  7:35  Overseer  
  114  7:46  Evolution Chamber  
  114  7:49  Evolution Chamber, Infestation Pit  
  111  7:53  Overseer x2  
  111  7:54  Hydralisk Den  
  111  7:55  Roach  
  111  7:56  Roach x8  
  128  8:05  Queen  
  128  8:07  Drone x3  
  128  8:08  Drone  
  134  8:16  Overseer  
  134  8:21  Roach x5  
  144  8:37  Roach  
  144  8:39  Overlord x4  
  146  9:00  Overseer  
  146  9:02  Overseer  
  144  9:10  Roach  
  144  9:11  Roach x8  
  162  9:18  Roach  
  164  9:24  Ravager x4  
  164  9:25  Ravager x3  
  164  9:27  Overlord x4  
  164  9:29  Drone x5  
  176  9:36  Hive  
  176  9:38  Grooved Spines  
  176  9:42  Lurker Den  
  159  10:08  Overseer  
  159  10:12  Roach  
  159  10:13  Roach x5  
  148  10:30  Roach  
  148  10:31  Roach x8  
  157  10:45  Roach  
  157  10:53  Overseer  
  154  11:01  Roach x8  
  154  11:02  Roach x4  
  172  11:04  Roach x3  
  172  11:05  Roach  
  172  11:09  Overseer  
  180  11:12  Extractor  
  180  11:13  Extractor  
  178  11:23  Hatchery  
Show
View Real Time Build Order
Export as new Build Order

payLow Terran 

Build Orders: Mech 

Get SALT Encoding   

  12  0:00  SCV  
  13  0:12  SCV  
  14  0:18  Supply Depot  
  14  0:24  SCV  
  15  0:39  SCV  
  15  0:41  Barracks  
  16  0:46  Refinery  
  16  0:51  SCV  
  17  1:04  SCV  
  18  1:16  SCV  
  19  1:30  Orbital Command, Reaper  
  20  1:45  Supply Depot  
  20  1:55  SCV  
  21  2:08  SCV, Supply Depot  
  21  2:15  Command Center  
  21  2:18  Barracks  
  21  2:21  Reaper  
  22  2:24  SCV  
  23  2:36  SCV  
  24  2:44  Factory  
  24  2:45  Refinery  
  24  2:53  Reaper, Supply Depot  
  25  3:03  SCV  
  26  3:15  SCV  
  27  3:23  Barracks Reactor  
  27  3:25  Barracks Tech Lab  
  27  3:28  Orbital Command, Hellion  
  27  3:49  Hellion  
  27  3:53  Orbital Command  
  28  4:06  Marine x2  
  28  4:07  Marauder  
  32  4:12  Factory Tech Lab  
  32  4:16  Starport  
  32  4:18  Engineering Bay  
  32  4:19  Supply Depot  
  32  4:20  Engineering Bay  
  32  4:27  Marine x2  
  32  4:28  Stimpack  
  34  4:31  SCV  
  34  4:33  SCV  
  36  4:41  Marauder  
  36  4:43  SCV  
  36  4:44  Marine x2  
  42  4:45  SCV  
  42  4:55  SCV  
  42  4:57  SCV  
  42  4:58  Starport Reactor  
  44  5:05  Terran Infantry Weapons Level 1  
  44  5:06  Terran Infantry Armor Level 1  
  44  5:08  Marine x3  
  47  5:21  Supply Depot  
  47  5:23  Supply Depot  
  47  5:25  Marine  
  48  5:29  Marauder, Siege Tank  
  48  5:35  SCV x2  
  55  5:36  Marine  
  55  5:39  Medivac  
  58  5:45  Marine  
  58  5:47  SCV x2  
  61  5:50  Marine  
  61  5:55  Medivac  
  64  5:59  SCV  
  65  6:06  SCV  
  65  6:07  Concussive Shells  
  65  6:09  Supply Depot  
  65  6:10  Refinery x2  
  67  6:11  SCV  
  67  6:18  SCV  
  67  6:23  SCV  
  69  6:25  Marine  
  69  6:26  Marine x2  
  69  6:28  Siege Tank  
  69  6:31  SCV  
  76  6:35  SCV  
  76  6:37  Missile Turret, Supply Depot  
  76  6:38  Missile Turret  
  77  6:45  Marine x2  
  77  6:46  Marauder  
  81  6:50  Combat Shield  
  81  6:53  Armory  
  81  7:02  Marine, Medivac  
  81  7:03  Marine  
  85  7:11  Command Center  
  74  7:32  Marine  
  74  7:33  Marine x2  
  77  7:40  Barracks  
  77  7:41  Factory  
  77  7:42  Factory  
  77  7:45  SCV x2, Barracks  
  77  7:50  Marine  
  80  7:53  Supply Depot  
  80  7:54  Supply Depot  
  80  7:57  SCV x2  
  80  7:58  Marine x2  
  84  8:07  Terran Infantry Weapons Level 2  
  84  8:13  Terran Infantry Armor Level 2  
  84  8:17  Terran Vehicle Weapons Level 1  
  82  8:41  Refinery  
  82  8:57  Factory Tech Lab x2  
  82  9:12  Marine, Siege Tank  
  82  9:13  Barracks Tech Lab  
  82  9:14  Barracks Reactor, Marine  
  82  9:15  Marauder  
  89  9:23  Siege Tank x2  
  94  9:28  Planetary Fortress  
  94  9:30  Marine  
  95  9:33  SCV, Command Center  
  95  9:34  SCV  
  95  9:36  Marauder  
  99  9:46  SCV x2, Marine  
  99  9:47  Marauder  
  99  9:48  Marine  
  105  9:57  Marine  
  103  10:02  Command Center  
  103  10:09  SCV x3  
  106  10:19  Refinery  
  103  10:21  SCV x2  
  88  10:40  Marauder x2, Marine  
  88  10:41  Marine x3  
  93  10:58  Marine  
  93  11:02  Marauder x2  
  95  11:07  Marine x3  
  99  11:20  Barracks  
  99  11:21  Barracks x2  
  99  11:22  Barracks  
Tags
 
Add a new tag
Caveats
  • Supply blocks, unpowered buildings, or Contaminate may cause inaccurate times.
  • Supply counts are checked every 10 seconds.